 Dungeon Crawl Stone Soup version 0.31-a0-1467-g53b6572822 (webtiles) character file.

Game seed: 5315170398231020433

102 BoomBoss the Ruffian (level 4, -5/44 HPs)
             Began as a Troll Fighter on Dec 28, 2023.
             Killed by nerve-wracking pain
             ... invoked by Grinder
              (13 damage)
             ... while paralysed by Grinder
             ... on level 3 of the Dungeon.
             The game lasted 00:04:16 (1954 turns).

BoomBoss the Ruffian (Troll Fighter)                Turns: 1954, Time: 00:04:17

Health: -5/44      AC:  4    Str: 26    XL:     4   Next: 49%
Magic:  3/3        EV:  1    Int:  4    God:
Gold:   86         SH:  0    Dex:  9    Spells: 3/3 levels left

rFire   . .          .
                       - Unarmed
rCold   . . .        b - +0 kite shield
rNeg    . . .        a - +0 robe
rPois   .            (helmet restricted)
rElec   .            (no cloak)
rCorr   .            (gloves unavailable)
SInv    .            (boots unavailable)
Will    .....        (no amulet)
Stlth   +            (no ring)
HPRegen 1.07/turn    (no ring)
MPRegen 0.08/turn

%: no passive effects
@: paralysed
A: large, unfitting armour, claws 3, regeneration 1, shaggy fur 1, tough skin 1
a: no special abilities


You were on level 3 of the Dungeon.
You visited 1 branch of the dungeon, and saw 3 of its levels.

You collected 151 gold pieces.
You spent 65 gold pieces at shops.

Inventory:

Missiles
 i - 4 javelins
 n - 19 stones
Armour
 a - a +0 robe (worn)
 b - a +0 kite shield (worn)
Jewellery
 f - a ring of protection from fire
 j - a ring of ice
 o - a ring of wizardry
Scrolls
 d - 2 scrolls of identify {unknown}
 g - 3 scrolls of teleportation {unknown}
 l - 3 scrolls of blinking {unknown}
 q - a scroll of immolation {unknown}
Potions
 e - a potion of invisibility {unknown}
 h - a potion of mutation {unknown}
 k - a potion of degeneration {unknown}
 m - a potion of attraction {unknown}
 r - a potion of berserk rage {unknown}


   Skills:
 - Level 2.4 Fighting
 - Level 2.4 Dodging
 - Level 2.6 Shields
 + Level 4.8 Unarmed Combat


You had 3 spell levels left.
You didn't know any spells.
Your spell library contained the following spells:

 Spells                   Type           Power      Damage    Failure   Level
 Slow                     Hex            0%         N/A       77%         1
 Call Canine Familiar     Summ           0%         N/A       98%         3
 Confusing Touch          Hex            0%         N/A       98%         3
 Sigil of Binding         Hex            0%         N/A       98%         3
 Vampiric Draining        Necr           0%         2d6       98%         3
 Dimensional Bullseye     Hex/Tloc       0%         N/A       100%        4
 Olgreb's Toxic Radiance  Alch           0%         N/A       100%        4
 Ozocubu's Refrigeration  Ice            0%         4d7       100%        7
 Discord                  Hex            0%         N/A       100%        8


Dungeon Overview and Level Annotations

Branches:
Dungeon (3/15)

Altars:
Wu Jian

Shops:
D:1 *:

Annotations:
D:3 Grinder


Innate Abilities, Weirdness & Mutations

You are too large for most types of armour.
You have claws for hands.
Your natural rate of healing is unusually fast.
You are covered in fur. (AC +1)
You have tough skin. (AC +1)


Message History

Grinder hits you!
You writhe in agony.
Grinder hits you.
You writhe in agony.
You can move again.
You claw Grinder!
Grinder is moderately wounded.
Grinder hits you!
* * * LOW HITPOINT WARNING * * *
You writhe in agony.
* * * LOW HITPOINT WARNING * * *
Unknown command.
You feel much better.
Grinder says, "Just stop there for a second..."
Grinder gestures at you. Pain shoots through your body!
You closely miss Grinder.
Grinder is moderately wounded.
Grinder hits you.
You writhe in agony.
You barely miss Grinder.
Grinder is moderately wounded.
Grinder hits you.
You writhe in agony.
* * * LOW HITPOINT WARNING * * *
Unknown command.
You claw Grinder!
Grinder is heavily wounded.
Grinder hits you.
* * * LOW HITPOINT WARNING * * *
You writhe in agony.
* * * LOW HITPOINT WARNING * * *
Unknown command.
Unknown command.
Okay, then.
Unknown command.
You claw Grinder!
Grinder is almost dead.
Grinder gestures at you.
You suddenly lose the ability to move!
Grinder gestures at you. Pain shoots through your body!
You die...
Grinder says, "Now the real fun starts!"

♣......##.##.....#.....##
♣..♣..###.#####.########
♣♣♣♣..# #.# #...#
##.#####.###.###<#####....
...............>..........
#.######.####...######...
#..###(#### ..#
##..##.5..# ##.#
##...@##.##...##
#......#.......##
#......##.......#
#......##.......#
#########......<#
##....)## #5....# ....)..#
.......#


You could see Grinder.

Vanquished Creatures
  3 gnolls (D:2)
  2 adders
  3 dart slugs
  An orc (D:3)
  5 ball pythons
  9 endoplasms
  A giant cockroach (D:2)
  A goblin (D:3)
  A hobgoblin (D:1)
  2 jackals (D:2)
  4 quokkas
  5 bats
  3 frilled lizards
  3 kobolds (D:1)
  4 rats
47 creatures vanquished.

Notes
Turn   | Place    | Note
-------+----------+-------------------------------------------
     0 | D:1      | BoomBoss the Troll Fighter began the quest for the Orb.
     0 | D:1      | Reached XP level 1. HP: 22/22 MP: 0/0
   163 | D:1      | Reached XP level 2. HP: 25/29 MP: 1/1
   232 | D:1      | Found Motef's Vocational Training.
   342 | D:1      | Reached skill level 3 in Unarmed Combat
   473 | D:1      | Found Tuitiseu's General Store.
   849 | D:2      | Reached XP level 3. HP: 36/36 MP: 2/2
   900 | D:2      | Reached skill level 4 in Unarmed Combat
   915 | D:2      | Reached XP level 4. HP: 37/44 MP: 3/3
  1654 | D:1      | Bought a potion of heal wounds for 65 gold pieces
  1720 | D:3      | Found an ornate altar of the Wu Jian Council.
  1917 | D:3      | Noticed Grinder
  1921 | D:3      | Paralysed by Grinder for 2 turns
  1945 | D:3      | Paralysed by Grinder for 3 turns
  1953 | D:3      | Paralysed by Grinder for 3 turns
  1954 | D:3      | Killed from afar by Grinder

Illustrated notes

Levels and vault maps discovered:
D:1:      psy_arrival_terrarium, layout_loops_ring, serial_shops,
          nicolae_shop_hallway_stairs, nicolae_shop_vocational
D:2:      layout_basic
D:3:      layout_rooms, mainiacjoe_overflow_alcove_1, serial_shops, shop,
          hex_tiny, serial_bayou_lake_a, uniq_grinder

Skill      XL: |  1  2  3 |
---------------+----------+-----
Unarmed Combat | 3 4 |  4.8
Fighting       | |  2.4
Dodging        | |  2.4
Shields        | |  2.6

Action                     |  1- 3 |  4- 6 || total
---------------------------+-------+-------++-------
  Melee: Unarmed           |    65 |    40 ||   105
  Throw: Stone             |     3 |       ||     3
         Javelin           |     1 |     1 ||     2
         Throwing net      |       |     2 ||     2
    Use: Potion            |     1 |     1 ||     2
   Stab: Sleeping          |     1 |       ||     1
 Armour: Robe              |    33 |    25 ||    58
  Dodge: Dodged            |    16 |    14 ||    30
  Block: Kite shield       |    16 |    17 ||    33

Table legend: (Time is in decaauts)
 A = Elapsed time spent in this place.
 B = Non-inter-level travel time spent in this place.
 C = Inter-level travel time spent in this place.
 D = Time resting spent in this place.
 E = Time spent auto-exploring this place.
 F = Levels seen in this place.
 G = Mean time per level.
                   A        B        C        D        E       F      G
               +--------+--------+--------+--------+--------+-----+--------+
         Total |   1962 |   1819 |    143 |    161 |   1251 |   3 |  654.0 |
       Dungeon |   1962 |   1819 |    143 |    161 |   1251 |   3 |  654.0 |
               +--------+--------+--------+--------+--------+-----+--------+

Top non-repeatable levels by time:
     D:2: 911 daAuts
     D:1: 792 daAuts
     D:3: 258 daAuts
